 Dungeon Crawl Stone Soup version 0.26-a0-1002-g7355149c4d (webtiles) character file.

Game seed: 5872452461398641115

56 azarizad the Changer (level 3, -3/26 HPs)
             Began as a Merfolk Transmuter on Dec 6, 2020.
             Was an Initiate of Qazlal.
             Slain by an adder (4 damage)
             ... on level 2 of the Dungeon.
             The game lasted 00:04:33 (2041 turns).

azarizad the Changer (Merfolk Transmuter)           Turns: 2041, Time: 00:04:34

Health: -3/26      AC:  3    Str: 11    XL:     3   Next: 97%
Magic:  6/6        EV: 13    Int: 12    God:    Qazlal [......]
Gold:   68         SH:  0    Dex: 14    Spells: 5/6 levels left

rFire    . . .     SeeInvis .   b - +0 short sword
rCold    . . .     Faith    .   (no shield)
rNeg     . . .     Spirit   .   f - +0 leather armour
rPois    .         Reflect  .   (helmet currently unavailable)
rElec    .         Harm     .   (no cloak)
rCorr    .         Rampage  .   (no gloves)
Will     .....                  (boots currently unavailable)
Stlth    +.........             (no amulet)
HPRegen  0.08/turn              (no ring)
MPRegen  0.10/turn              (no ring)

@: lethally poisoned (-3 -> -12), appendages
A: change form in water, swift swim, stealthy swim, horns 2
a: End Transformation, Renounce Religion


You were on level 2 of the Dungeon.
You worshipped Qazlal.
Qazlal was noncommittal.
You had grown temporary horns.
You visited 1 branch of the dungeon, and saw 2 of its levels.

You collected 68 gold pieces.

Inventory:

Hand Weapons
 b - a +0 short sword (weapon)
Armour
 a - a +0 robe
 e - a +0 pair of boots
 f - a +0 leather armour (worn)
Scrolls
 c - 2 scrolls of identify {unknown}
 d - a scroll of remove curse {unknown}
 h - a scroll of immolation {unknown}
 j - a scroll of magic mapping {unknown}
Potions
 g - a potion of degeneration {unknown}
 i - a potion of curing {unknown}
 k - a potion of invisibility {unknown}


   Skills:
 - Level 1.1 Fighting
 - Level 0.3 Short Blades
 - Level 3.1 Dodging
 - Level 0.1 Stealth
 - Level 3.7 Unarmed Combat
 - Level 2.2 Spellcasting
 + Level 4.3 Transmutations


You had 5 spell levels left.
You knew the following spells:

 Your Spells              Type           Power        Failure   Level
a - Beastly Appendage     Tmut           ##....       6%          1

Your spell library contained the following spells:

 Spells                   Type           Power        Failure   Level
 Wereblood                Tmut           ##......     9%          2
 Spider Form              Tmut/Pois      #.........   41%         3
 Ice Form                 Ice/Tmut       #.......     82%         4
 Blade Hands              Tmut           ##........   86%         5


Dungeon Overview and Level Annotations

Branches:
Dungeon (2/15)

Altars:
Okawaru
Qazlal


Innate Abilities, Weirdness & Mutations

You revert to your normal form in water.
You are very nimble and swift while swimming.
You are very stealthy in the water. (Stealth+)
You have a pair of horns on your head.


Message History

You are poisoned.
The adder poisons you! The kobold hits you but does no damage.
You hit the adder.
The adder is heavily wounded.
You feel sick. The adder bites you.
* * * LOW HITPOINT WARNING * * *
You are lethally poisoned!
The adder poisons you! The kobold misses you. The adder bites you.
* * * LOW HITPOINT WARNING * * *
You hit the adder. You punch the adder, but do no damage.
The adder is severely wounded.
* * * LOW HITPOINT WARNING * * *
You feel sick. The adder closely misses you.
The kobold hits you with a +0 club.
* * * LOW HITPOINT WARNING * * *
You barely miss the adder.
The adder is severely wounded.
* * * LOW HITPOINT WARNING * * *
You feel sick. The adder bites you.
You die...

##.## ### ...# ... ....
#.#....## #.#.#... ### #.#
...#... #.# #KS.# #.###@.#
##......# #......## ########
#.###..# #......# #.# #..#
#.####.####.###..############
#.##.........#..............#
#.##.#.####..#...#.##.#####.#
#.##.#.# #........##.# #.#


You could see an adder and a kobold.

Vanquished Creatures
  A gnoll (D:1)
  3 dart slugs
  A leopard gecko (D:1)
  A ball python (D:2)
  3 giant cockroaches
  3 goblins
  6 hobgoblins
  3 jackals (D:2)
  8 kobolds
  A quokka (D:2)
  2 bats
  A frilled lizard (D:2)
  2 rats (D:1)
35 creatures vanquished.

Notes
Turn   | Place    | Note
-------+----------+-------------------------------------------
     0 | D:1      | azarizad the Merfolk Transmuter began the quest for the
                  | Orb.
     0 | D:1      | Reached XP level 1. HP: 15/15 MP: 3/3
   157 | D:1      | Reached XP level 2. HP: 21/21 MP: 3/5
   231 | D:1      | Reached skill level 3 in Transmutations
   851 | D:1      | Reached XP level 3. HP: 16/26 MP: 4/6
  1316 | D:2      | Found an iron altar of Okawaru.
  1699 | D:2      | Found a stormy altar of Qazlal.
  1709 | D:2      | Became a worshipper of Qazlal Stormbringer
  1795 | D:2      | Reached skill level 4 in Transmutations
  2041 | D:2      | HP: 1/26 [poisoned by an adder]
  2041 | D:2      | Slain by an adder

Illustrated notes

Levels and vault maps discovered:
D:1:      saegor_arrival_simple_c, layout_basic, hangedman_glass_teeth
D:2:      layout_loops_corners, lemuel_round_altar,
          nicolae_qazlal_general_emergency

Skill      XL: |  1  2  3 |
---------------+----------+-----
Transmutations | 3 4 |  4.3
Dodging        | 3 |  3.1
Fighting       | |  1.1
Short Blades   | |  0.3
Stealth        | |  0.1
Unarmed Combat | |  3.7
Spellcasting   | |  2.2

Action                   || total
-------------------------++-------
Melee: Unarmed           ||     8
       Headbutt          ||    20
       Short sword       ||   122
       Punch             ||     1
 Cast: Beastly Appendage ||    24
 Stab: Sleeping          ||     1
Armor: Robe              ||     8
       Leather armour    ||    26
Dodge: Dodged            ||   110

Table legend: (Time is in decaauts)
 A = Elapsed time spent in this place.
 B = Non-inter-level travel time spent in this place.
 C = Inter-level travel time spent in this place.
 D = Time resting spent in this place.
 E = Time spent auto-exploring this place.
 F = Levels seen in this place.
 G = Mean time per level.
                   A        B        C        D        E       F      G
               +--------+--------+--------+--------+--------+-----+--------+
         Total |   2045 |   2025 |     20 |    231 |   1367 |   2 | 1022.5 |
       Dungeon |   2045 |   2025 |     20 |    231 |   1367 |   2 | 1022.5 |
               +--------+--------+--------+--------+--------+-----+--------+

Top non-repeatable levels by time:
     D:1: 1250 daAuts
     D:2: 795 daAuts
